 Dungeon Crawl Stone Soup version 0.29.1-1-gd02db6906a (webtiles) character file.

Game seed: 14955149464028226815

45 LustLizard the Vexing (level 3, 0/18 HPs)
             Began as a Spriggan Arcane Marksman on Sept 22, 2022.
             Killed from afar by Natasha (9 damage)
             ... with a magic dart
             ... on level 2 of the Dungeon.
             The game lasted 00:03:17 (1425 turns).

LustLizard the Vexing (Spriggan Arcane Marksman)    Turns: 1425, Time: 00:03:18

Health: 0/18       AC:  2    Str:  6    XL:     3   Next: 42%
Magic:  6/6        EV: 17    Int: 14    God:
Gold:   66         SH:  0    Dex: 17    Spells: 0/4 levels left

rFire   . . .      SeeInvis +   a - +1 sling
rCold   . . .      Faith    .   (no shield)
rNeg    . . .      Spirit   .   c - +0 robe
rPois   .          Reflect  .   (helmet restricted)
rElec   .          Harm     .   (no cloak)
rCorr   .          Rampage  .   (gloves unavailable)
Will    .....                   (boots unavailable)
Stlth   ++........              (no amulet)
HPRegen 0.06/turn               (no ring)
MPRegen 0.10/turn               (no ring)

@: very quick
A: very small, no large weapons, unfitting armour, see invisible, speed 3
a: no special abilities


You were on level 2 of the Dungeon.
You visited 1 branch of the dungeon, and saw 2 of its levels.

You collected 66 gold pieces.

Inventory:

Hand Weapons
 a - a +1 sling (weapon)
Armour
 c - a +0 robe (worn)
Scrolls
 b - a scroll of poison
 h - a scroll of teleportation {unknown}
 j - a scroll of magic mapping {unknown}
Potions
 d - 2 potions of lignification
 e - a potion of mutation
 f - a potion of attraction
 g - a potion of curing {unknown}
 k - a potion of brilliance {unknown}


   Skills:
 + Level 1.2 Fighting
 * Level 2.6 Ranged Weapons
 - Level 2.6 Dodging
 * Level 2.6 Stealth
 - Level 1.3 Spellcasting
 - Level 4.0 Hexes
 * Level 1.0 Translocations


You couldn't memorise any spells.
You knew the following spells:

 Your Spells              Type           Power      Damage    Failure   Level
a - Slow                  Hex            48%        N/A       4%          1
b - Portal Projectile     Hex/Tloc       16%        N/A       26%         3

Your spell library contained the following spells:

 Spells                   Type           Power      Damage    Failure   Level
 Sandblast                Erth           0%         2d4       26%         1
 Inner Flame              Hex/Fire       6%         N/A       32%         3
 Passwall                 Tmut/Erth      0%         N/A       36%         2
 Cause Fear               Hex            6%         N/A       43%         4
 Stone Arrow              Conj/Erth      0%         3d7       58%         3


Dungeon Overview and Level Annotations

Branches:
Dungeon (2/15)

Altars:

Annotations:
D:2 Natasha


Innate Abilities, Weirdness & Mutations

You are very small and have problems with some larger weapons.
You are too small for most types of armour.
You have supernaturally acute eyesight. (SInv)
You cover ground extremely quickly. (Speed+++)


Message History

You shoot a sling bullet. The sling bullet hits the bat.
The bat is severely wounded.
You shoot a sling bullet. The sling bullet hits the bat.
You kill the bat!
Found a stone staircase leading up.
Natasha, Servant of Life and Death comes into view.
Natasha hisses angrily.
You start waiting.
Natasha is nearby!
You shoot a sling bullet.
The sling bullet closely misses Natasha.
You shoot a sling bullet.
The sling bullet closely misses Natasha.
Natasha casts a spell at you. You resist with some effort.
You shoot a sling bullet. The sling bullet hits Natasha.
Natasha is moderately wounded.
An endoplasm comes into view.
Natasha stares at you and mumbles some strange words.
You feel yourself slow down.
Natasha mumbles some strange words.
Natasha's front paws start to glow.
Natasha casts a spell.
You shoot a sling bullet. The sling bullet hits the endoplasm.
The endoplasm is moderately wounded.
You shoot a sling bullet. The sling bullet hits the endoplasm!
You kill the endoplasm!
Something shouts, "Slither hence, thou gleeking hedge-born apple-john!"
Your Translocations skill increases to level 1!
You shoot a sling bullet.
The sling bullet closely misses Natasha.
Natasha claws you.
You shoot a sling bullet. The sling bullet barely misses Natasha.
You feel yourself speed up. Natasha claws you but does no damage.
Natasha claws you!
You are too injured to fight recklessly!
Natasha stares at you and mumbles some strange words.
The magic dart hits you!
Ouch! That really hurt!
You die...

.#### #.......#.#
.###### #########.#
......########......#
#####........#.####.#
####.......<# ####.#
##.........).#.#....#
.............#.#.##.#
##...#.......#......#
###.##.......###@####
....##.....<.# #.#
############## #h#
..J...# #5#
..###h##########.#
..###.#...5......#
)...#J#.##########
..#.#.#.# ..#.#.#.#


You could see Natasha and a white imp (summoned).

Vanquished Creatures
  5 ball pythons (D:1)
  4 bats
  5 endoplasms
  3 giant cockroaches
  4 goblins
  9 hobgoblins
  A kobold (D:2)
  A quokka (D:1)
  2 frilled lizards
  3 rats (D:1)
37 creatures vanquished.

Notes
Turn   | Place    | Note
-------+----------+-------------------------------------------
     0 | D:1      | LustLizard the Spriggan Arcane Marksman began the quest for
                  | the Orb.
     0 | D:1      | Reached XP level 1. HP: 9/9 MP: 3/3
   169 | D:1      | Reached skill level 1 in Stealth
   342 | D:1      | Reached skill level 1 in Fighting
   342 | D:1      | Reached XP level 2. HP: 14/14 MP: 5/5
   369 | D:1      | Found a faded altar of an unknown god.
   695 | D:1      | Reached XP level 3. HP: 6/18 MP: 6/6
   924 | D:1      | Learned a level 3 spell: Portal Projectile
  1048 | D:1      | Reached skill level 4 in Hexes
  1369 | D:2      | Noticed Natasha
  1419 | D:2      | Reached skill level 1 in Translocations
  1425 | D:2      | Killed from afar by Natasha

Illustrated notes

Levels and vault maps discovered:
D:1:      reono_arrival_forest_river, layout_rooms,
          ebering_ecumenical_altar_ruins
D:2:      layout_loops_cross, basic_altar, uniq_natasha

Skill      XL: |  1  2  3 |
---------------+----------+-----
Stealth        | 1 2 |  2.6
Fighting       | 1 |  1.2
Hexes          | 4 |  4.0
Translocations | 1 |  1.0
Ranged Weapons | |  2.6
Dodging        | |  2.6
Spellcasting   | |  1.3

Action                   || total
-------------------------++-------
 Fire: Sling             ||   120
 Cast: Slow              ||     1
  Use: Scroll            ||     3
Armor: Robe              ||     3
Dodge: Dodged            ||    23
